 Dungeon Crawl Stone Soup version 0.30-a0-779-g7971cf19c3 (webtiles) character file.

Game seed: 18417713869436311170

1344 Barriton the Firebug (level 8, -3/87 HPs)
             Began as a Green Draconian Fire Elementalist on Feb 17, 2023.
             Was an Elder of Cheibriados.
             Slain by an iguana (7 damage)
             ... on level 5 of the Dungeon.
             The game lasted 00:13:07 (5536 turns).

Barriton the Firebug (DrFE)                         Turns: 5536, Time: 00:13:07

Health: -3/87      AC: 24    Str: 21    XL:     8   Next: 36%
Magic:  9/35       EV:  2    Int: 28    God:    Cheibriados [****..]
Gold:   223        SH:  0    Dex: 21    Spells: 15/19 levels left

rFire   . . .      SeeInvis .    f - +0 spear
rCold   . . .      Faith    .    (no shield)
rNeg    . . .      Spirit   .    (body armour unavailable)
rPois   +          Reflect  .    (helmet currently unavailable)
rElec   .          Harm     .    (cloak currently unavailable)
rCorr   .          Rampage  .    (gloves currently unavailable)
Will    .....      NoTele   +    (boots currently unavailable)
Stlth   +++                      (no amulet)
HPRegen 0.34/turn                i - ring of magical power
MPRegen 0.24/turn                n - ring of magical power

@: tree-form, very slow
A: stationary, stasis, torment immunity, boosted hp, (breathe noxious fumes), AC
+6, unfitting armour, (poison resistance), (cold-blooded), (hooves 1)
a: Renounce Religion, Bend Time, Temporal Distortion, Slouch


You were on level 5 of the Dungeon.
You worshipped Cheibriados.
Cheibriados was greatly pleased with you.
You were a tree.
You visited 1 branch of the dungeon, and saw 6 of its levels.

You collected 223 gold pieces.

Inventory:

Hand Weapons
 f - a +0 spear (weapon)
 k - a +0 demon blade of draining
Armour
 b - a +0 pair of boots (melded)
Jewellery
 i - a ring of magical power (left branch)
 n - a ring of magical power (right branch)
Wands
 p - a wand of roots (8)
Scrolls
 a - 3 scrolls of teleportation
 d - 3 scrolls of immolation
 l - a scroll of torment {unknown}
 m - a scroll of butterflies {unknown}
 o - 2 scrolls of amnesia
 r - a scroll of vulnerability {unknown}
Potions
 c - 2 potions of haste
 e - 2 potions of mutation
 g - a potion of ambrosia {unknown}
 h - 2 potions of curing
 j - a potion of magic


   Skills:
 + Level 0.7 Fighting
 + Level 0.6 Short Blades
 + Level 0.7 Polearms
 + Level 2.7 Dodging
 + Level 2.8 Stealth
 + Level 0.2 Unarmed Combat
 + Level 6.2 Spellcasting
 + Level 1.5 Conjurations
 + Level 0.1 Necromancy
 + Level 7.3 Fire Magic


You had 15 spell levels left.
You knew the following spells:

 Your Spells              Type           Power      Damage    Failure   Level
a - Foxfire               Conj/Fire      100%       2x1d9     1%          1
b - Scorch                Fire           100%       2d10      1%          2
c - Necrotise             Necr           36%        1d5       5%          1

Your spell library contained the following spells:

 Spells                   Type           Power      Damage    Failure   Level
 Inner Flame              Hex/Fire       29%        N/A       3%          3
 Kindle Blastsparks       Fire/Tloc/Air  44%        2d13      6%          3
 Flame Wave               Conj/Fire      33%        2d10      10%         4
 Vampiric Draining        Necr           9%         2d6       17%         3
 Agony                    Necr           9%         N/A       83%         5


Dungeon Overview and Level Annotations

Branches:
Dungeon (6/15)             Temple (0/1) D:5

Altars:
Cheibriados
Vehumet
Yredelemnul


Innate Abilities, Weirdness & Mutations

You are a tree.
Your roots penetrate the ground, keeping you stationary.
You cannot be teleported.
You are immune to unholy pain and torment.
Your maximum health is greatly increased.
Your equipment is partially melded.
((You can breathe blasts of noxious fumes.))
((Your lurid green scales are hard. (AC +6)))
You cannot fit into any form of body armour.
((Your system is resistant to poisons. (rPois)))
((You are cold-blooded and may be slowed by cold attacks.))
((You have large cloven feet.))


Message History

Something hits you but does no damage. The white imp misses you.
The orc hits you but does no damage. The iguana barely misses you.
You hear a shout!
You climb upwards.
Reactivating autopickup.
You feel sick.
There is a stone staircase leading down here.
Casting: Scorch (safe; 1% risk of failure)
Confirm with . or Enter, or press ? or * to list all spells.
Flames lash the iguana.
The iguana is severely wounded.
The iguana's fire resistance burns away.
You feel sick. The orc hits you but does no damage. The iguana bites you.
* * * LOW HITPOINT WARNING * * *
It was a potion of mutation.
You feel extremely strange.
Your feet thicken and deform.
The water moccasin is no longer more vulnerable to fire.
The iguana barely misses you.
The shadow imp summons a swarm of flies.
The orc hits you with a +0 club.
* * * LOW HITPOINT WARNING * * *
You feel better. The iguana bites you.
* * * LOW HITPOINT WARNING * * *
The orc hits you with a +0 club.
* * * LOW HITPOINT WARNING * * *
Okay, then.
It was a potion of lignification.
You turn into a tree.
Your +0 pair of boots melds into your body.
Your roots penetrate the ground.
The iguana bites you.
* * * LOW HITPOINT WARNING * * *
The orc hits you but does no damage.
Unknown command.
Unknown command.
The iguana is no longer more vulnerable to fire.
The iguana bites you but does no damage.
The orc hits you but does no damage.
The iguana bites you but does no damage.
The orc hits you but does no damage. The iguana bites you!
You die...

#......##.#
#.##.####'#...
#.#.#####.#
#.##.# #.....
#.#.# #.#
#.##.######...
#.#.# #.#
#.#..<##..'...
#.#.# #.#
#.........####
#.#.#####J#
###...##.####.
#.#<....S5#
##.##.....+.
#.#######o#
#.##.....#.
##.# #..5l♣#
#........##
#..# #.#####
####.....#.
#.## #.#
#......... #.#
#.# #.#.###.##
#.# #.#
#.##.#.## #.#
#.# ###.###.##
#.# #.#
#.....#.#
#.####.#######
#.###.#.####
#............#
#.# #.......


You could see a water moccasin, an iguana, a jelly, a white imp, a shadow imp
and an orc.

Vanquished Creatures
  Grinder (D:3)
  2 water moccasins (D:6)
  An ice beast (D:5)
  A black bear (D:4)
  A centaur (D:5)
  A phantom (D:4)
  A bullfrog (D:5)
  2 necrophages
  2 hounds
  2 jellies (D:5)
  3 iguanas
  2 orc wizards (D:5)
  3 adders
  A shadow imp (D:5)
  2 ufetubi (D:5)
  3 worms
  2 dart slugs
  10 orcs
  11 endoplasms
  13 giant cockroaches
  6 goblins
  3 hobgoblins
  7 jackals (D:1)
  3 quokkas
  7 ball pythons
  5 bats
  2 frilled lizards
  10 kobolds
  6 rats
  A spectral hobgoblin (D:1)
114 creatures vanquished.

Vanquished Creatures (others)
  63 foxfires
63 creatures vanquished.

Grand Total: 177 creatures vanquished

Notes
Turn   | Place    | Note
-------+----------+-------------------------------------------
     0 | D:1      | Barriton the Draconian Fire Elementalist began the quest
                  | for the Orb.
     0 | D:1      | Reached XP level 1. HP: 14/14 MP: 3/3
    49 | D:1      | Found a faded altar of an unknown god.
   242 | D:1      | Reached XP level 2. HP: 17/20 MP: 1/5
   356 | D:1      | Learned a level 2 spell: Scorch
   451 | D:1      | Prayed at the altar of an unknown god.
   451 | D:1      | Became a worshipper of Cheibriados the Contemplative
   451 | D:1      | Reached * piety under Cheibriados
   675 | D:1      | Reached XP level 3. HP: 26/26 MP: 2/6
  1624 | D:2      | Reached ** piety under Cheibriados
  1650 | D:2      | Found a radiant altar of Vehumet.
  2210 | D:2      | Reached XP level 4. HP: 33/33 MP: 5/8
  2590 | D:3      | Reached *** piety under Cheibriados
  2727 | D:3      | Noticed Grinder
  2731 | D:3      | Paralysed by Grinder for 2 turns
  2736 | D:3      | Killed Grinder
  2737 | D:3      | Reached skill level 5 in Fire Magic
  2737 | D:3      | Reached XP level 5. HP: 7/38 MP: 4/10
  2737 | D:3      | Reached XP level 6. HP: 9/45 MP: 4/11
  4143 | D:4      | Your scales start taking on a lurid green colour.
  4143 | D:4      | Reached XP level 7. HP: 40/50 MP: 13/13
  4143 | D:4      | Gained mutation: Your system is resistant to poisons.
                  | (rPois) [Green Draconian growth]
  4213 | D:4      | Learned a level 1 spell: Necrotise
  4439 | D:5      | Entered Level 5 of the Dungeon
  4449 | D:5      | Reached **** piety under Cheibriados
  4564 | D:5      | Reached skill level 6 in Fire Magic
  4651 | D:5      | Found a staircase to the Ecumenical Temple.
  4842 | D:5      | Reached skill level 5 in Spellcasting
  5063 | D:5      | Found a basalt altar of Yredelemnul.
  5244 | D:5      | Reached XP level 8. HP: 53/58 MP: 16/16
  5517 | D:6      | Reached skill level 7 in Fire Magic
  5531 | D:5      | Gained mutation: You have large cloven feet. [potion of
                  | mutation]
  5533 | D:5      | HP: 3/87 [iguana (4)]
  5536 | D:5      | Slain by an iguana

Illustrated notes

Levels and vault maps discovered:
D:1:      ncdulo_wetmaze, layout_basic,
          dreamdust_ecumenical_altar_drowned_temple
D:2:      minmay_roachtagon, layout_basic, basic_altar
D:3:      kennysheep_big_flooded_room, layout_loops_corners,
          hangedman_feature_mirror, uniq_grinder
D:4:      layout_rooms
D:5:      nicolae_cairo_tiling_large, layout_loops_ring, marbit_many_paths,
          minmay_temple_entry_slanted, minivault_27
D:6:      layout_basic, zin_academy, nicolae_uskayaw_dance_hall,
          chequers_temple_overflow_minitemple, bloody_makhleb, serial_demonic,
          serial_demonic_f, serial_demonic_g, serial_demonic_d,
          serial_demonic_c, grunt_ministairs_2

Skill      XL: |  1  2  3  4  5  6  7  8 |
---------------+-------------------------+-----
Dodging        | 2 |  2.7
Stealth        | 2 |  2.8
Spellcasting   | 3 4 5 6 |  6.2
Fire Magic     | 5 6 7 |  7.3
Fighting       | |  0.7
Short Blades   | |  0.6
Polearms       | |  0.7
Unarmed Combat | |  0.2
Conjurations   | |  1.5
Necromancy     | |  0.1

Action                     |  1- 3 |  4- 6 |  7- 9 || total
---------------------------+-------+-------+-------++-------
  Melee: Unarmed           |    21 |       |       ||    21
         Tailslap          |    12 |     2 |       ||    14
         Dagger            |    50 |     3 |       ||    53
         Punch             |     1 |       |       ||     1
         Spear             |       |    13 |     2 ||    15
   Cast: Foxfire           |    34 |    14 |     2 ||    50
         Scorch            |    23 |    37 |    56 ||   116
         Necrotise         |       |       |     6 ||     6
    Use: Scroll            |     3 |     2 |     3 ||     8
         Potion            |       |     1 |     3 ||     4
   Stab: Distracted        |       |     1 |       ||     1
 Armour: Skin              |    25 |     7 |    28 ||    60
  Dodge: Dodged            |    74 |    12 |    41 ||   127

Table legend: (Time is in decaauts)
 A = Elapsed time spent in this place.
 B = Non-inter-level travel time spent in this place.
 C = Inter-level travel time spent in this place.
 D = Time resting spent in this place.
 E = Time spent auto-exploring this place.
 F = Levels seen in this place.
 G = Mean time per level.
                   A        B        C        D        E       F      G
               +--------+--------+--------+--------+--------+-----+--------+
         Total |   7345 |   7065 |    280 |     48 |   6108 |   6 | 1224.2 |
       Dungeon |   7345 |   7065 |    280 |     48 |   6108 |   6 | 1224.2 |
               +--------+--------+--------+--------+--------+-----+--------+

Top non-repeatable levels by time:
     D:1: 1805 daAuts
     D:3: 1695 daAuts
     D:5: 1532 daAuts
     D:2: 1299 daAuts
     D:4: 996 daAuts
     D:6: 15 daAuts
